 Dungeon Crawl Stone Soup version 0.31-b1-17-gcfd88c8481 (webtiles) character file.

Game seed: 13377910110188883932

160 unlimited1921 the Magician (level 5, -1/35 HPs)
             Began as a Djinni Fire Elementalist on Jan 15, 2024.
             Slain by a cerulean imp
             ... wielding a +2 spear
             ... summoned by Natasha
              (4 damage)
             ... on level 2 of the Dungeon.
             The game lasted 00:10:34 (2690 turns).

unlimited1921 the Magician (DjFE)                   Turns: 2690, Time: 00:10:35

Health: -1/35      AC:  3    Str:  7    XL:     5   Next: 69%
Gold:   140        EV: 13    Int: 18    God:
                   SH:  0    Dex: 14

rFire   + + .        (no weapon)
rCold   x . .        (no shield)
rNeg    . . .        a - +0 robe
rPois   ∞            (no helmet)
rElec   .            c - +0 cloak
rCorr   .            (no gloves)
SInv    .            (boots unavailable)
Will    .....        (no amulet)
Stlth   ++           (no ring)
HPRegen 0.25/turn    (no ring)
MPRegen 0.00/turn

%: infuse magic (-2 HP)
@: flying
A: sickness immunity, fire resistance 2, cold vulnerability 1, float, innate
caster, HP casting, extra vitality 1
a: no special abilities


You were on level 2 of the Dungeon.
You visited 1 branch of the dungeon, and saw 2 of its levels.

You collected 214 gold pieces.
You spent 74 gold pieces at shops.

Inventory:

Missiles
 g - 2 throwing nets
Armour
 a - a +0 robe (worn)
 c - a +0 cloak (worn)
Scrolls
 b - 5 scrolls of teleportation {unknown}
 f - a scroll of noise {unknown}
 i - a scroll of identify {unknown}
 l - a scroll of poison {unknown}
Potions
 d - a potion of cancellation {unknown}
 e - 4 potions of curing {unknown}
 h - a potion of brilliance {unknown}
 j - a potion of invisibility {unknown}
 k - a potion of degeneration {unknown}


   Skills:
 + Level 3.0 Dodging
 + Level 3.5 Stealth
 + Level 3.9 Spellcasting
 + Level 3.9 Conjurations
 + Level 3.9 Hexes
 + Level 3.9 Summonings
 + Level 3.9 Necromancy
 + Level 3.9 Translocations
 + Level 3.9 Fire Magic
 + Level 3.9 Ice Magic
 + Level 3.9 Air Magic
 + Level 3.9 Earth Magic
 + Level 3.9 Alchemy


You knew the following spells:

 Your Spells              Type           Power      Damage    Failure   Level
a - Foxfire               Conj/Fire      68%        2x1d7     3%          1
b - Scorch                Fire           34%        2d6       4%          2
c - Volatile Blastmotes   Fire/Tloc      34%        2d12      9%          3
d - Inner Flame           Hex/Fire       17%        N/A       9%          3
e - Flame Wave            Conj/Fire      17%        2d7       28%         4
f - Sandblast             Erth           34%        2d9       3%          1
g - Call Imp              Summ           34%        N/A       4%          2
Your spell library was empty.

Dungeon Overview and Level Annotations

Branches:
Dungeon (2/15)

Altars:

Shops:
D:2 *

Annotations:
D:2 Natasha


Innate Abilities, Weirdness & Mutations

You are immune to sickness and miasma.
You are immune to poison.
Your flesh is very heat resistant. (rF++)
You are vulnerable to cold. (rC-)
You float through the air rather than walking.
You learn spells naturally, not from books.
Your magical power is your life essence.
You have superior vitality. (+4 MHP)


Message History

Your cerulean imp hits the cerulean imp but does no damage.
The cerulean imp misses your cerulean imp.
Casting: Call Imp (safe; 4% risk of failure)
Confirm with . or Enter, or press ? or * to list all spells.
Aiming: Inner Flame (dangerous; 9% risk of failure)
Press: ? - help, Dir - move target, f - cerulean imp
Aim: a cerulean imp, wielding a +2 spear (summoned, chance to affect: 54%)
The cerulean imp is filled with an inner flame.
* * * LOW HITPOINT WARNING * * *
Your cerulean imp hits the cerulean imp but does no damage.
The cerulean imp misses your cerulean imp.
Your cerulean imp completely misses the cerulean imp.
The cerulean imp completely misses your cerulean imp.
Casting: Inner Flame (dangerous; 9% risk of failure)
Confirm with . or Enter, or press ? or * to list all spells.
Aiming: Inner Flame (dangerous; 9% risk of failure)
Press: ? - help, Dir - move target, f - cerulean imp, p - cerulean imp
Aim: a cerulean imp, wielding a +0 spear (summoned, chance to affect: 54%)
The cerulean imp resists with significant effort.
* * * LOW HITPOINT WARNING * * *
Your cerulean imp barely misses the cerulean imp.
The cerulean imp hits your cerulean imp with a +2 spear!
Your cerulean imp dies!
Your cerulean imp disappears in a puff of smoke!
Casting: Inner Flame (dangerous; 9% risk of failure)
Confirm with . or Enter, or press ? or * to list all spells.
You conjure some foxfire!
* * * LOW HITPOINT WARNING * * *
Your foxfire dissipates!
The foxfire hits the cerulean imp but does no damage.
Casting: Foxfire (safe; 3% risk of failure)
Confirm with . or Enter, or press ? or * to list all spells.
A tiny devil pulls itself out of the air.
* * * LOW HITPOINT WARNING * * *
The cerulean imp hits you from afar with a +2 spear.
* * * LOW HITPOINT WARNING * * *
You swap places.
Your cerulean imp closely misses the cerulean imp.
The cerulean imp hits you from afar with a +2 spear.
You die...

.#####.##†####.###.....##.
....##..5....÷.# #........
.##.#####.###### #.#.#####
.##)# #5# #.#.# ###.# #[#
#.#.######. #.# #.#
#.......... #.# #.#
###.#.#### #.#
#.#########.## # #.#
#..h..55@#.## ##. #.#
########..## #.. #.#
###.#####.# #.# ##.##..#
#.# ##.#8# #.# ##..##
###.# #.<.#
....############ ##.÷#
###)...........# #∩.#


You could see Natasha, a cerulean imp (summoned, inner flame, ally target) and a
friendly cerulean imp (summoned).

Vanquished Creatures
  Natasha (twice) (D:2)
  2 adders (D:2)
  4 gnolls (D:2)
  5 endoplasms
  3 giant cockroaches (D:2)
  4 goblins
  3 hobgoblins
  4 quokkas
  6 ball pythons
  6 bats
  2 frilled lizards (D:1)
  5 kobolds
  9 rats
55 creatures vanquished.

Vanquished Creatures (collateral kills)
  A dart slug (D:2)
1 creature vanquished.

Vanquished Creatures (others)
  138 foxfires
138 creatures vanquished.

Grand Total: 194 creatures vanquished

Notes
Turn   | Place    | Note
-------+----------+-------------------------------------------
     0 | D:1      | unlimited1921 the Djinni Fire Elementalist began the quest
                  | for the Orb.
     0 | D:1      | unlimited1921 set off with the following spells memorised:
                  | Foxfire, Scorch, Volatile Blastmotes, Inner Flame, Flame
                  | Wave.
     0 | D:1      | Reached XP level 1. HP: 15/15 MP: 0/0
   247 | D:1      | Reached XP level 2. HP: 17/21 MP: 0/0
   672 | D:1      | Reached XP level 3. HP: 23/25 MP: 0/0
   672 | D:1      | Learned a level 1 spell: Sandblast
   871 | D:1      | Found a faded altar of an unknown god.
  1815 | D:2      | Reached XP level 4. HP: 27/31 MP: 0/0
  2263 | D:2      | Found Acoez's Assorted Antiques.
  2383 | D:2      | Bought a red potion for 18 gold pieces
  2383 | D:2      | Bought a scroll labelled UNTARO FOLEXT for 20 gold pieces
  2383 | D:2      | Bought a metallic puce potion for 18 gold pieces
  2383 | D:2      | Bought an orange potion for 18 gold pieces
  2410 | D:2      | Reached XP level 5. HP: 33/35 MP: 0/0
  2410 | D:2      | Learned a level 2 spell: Call Imp
  2468 | D:2      | Noticed Natasha
  2478 | D:2      | Killed Natasha
  2626 | D:2      | Noticed Natasha
  2630 | D:2      | Killed Natasha
  2648 | D:2      | Noticed Natasha
  2690 | D:2      | Slain by a cerulean imp

Illustrated notes

Levels and vault maps discovered:
D:1:      amcnicky_arrival_flooded_fountain, layout_basic,
          shapermc_ecumenical_altar_mp_highgroup, minmay_hexomino_c4
D:2:      layout_loops_ring, serial_shops, shop_statue, uniq_natasha

Skill      XL: |  1  2  3  4  5 |
---------------+----------------+-----
Stealth        | 2 3 |  3.5
Dodging        | 3 |  3.0
Spellcasting   | |  3.9
Conjurations   | |  3.9
Hexes          | |  3.9
Summonings     | |  3.9
Necromancy     | |  3.9
Translocations | |  3.9
Fire Magic     | |  3.9
Ice Magic      | |  3.9
Air Magic      | |  3.9
Earth Magic    | |  3.9
Alchemy        | |  3.9

Action                     |  1- 3 |  4- 6 || total
---------------------------+-------+-------++-------
   Cast: Foxfire           |    58 |    32 ||    90
         Sandblast         |     3 |    16 ||    19
         Scorch            |     2 |       ||     2
         Inner Flame       |       |     6 ||     6
         Call Imp          |       |     5 ||     5
         Volatile Blastmot |       |     1 ||     1
 Armour: Robe              |     2 |    14 ||    16
  Dodge: Dodged            |     6 |     7 ||    13
